 Dungeon Crawl Stone Soup version 0.30-a0-585-g93115170b9 (webtiles) character file.

Game seed: 437696568819830206

131 Farfigtubin the Conjurer (level 4, -1/33 HPs)
             Began as a Draconian Conjurer on Jan 1, 2023.
             Frozen to death by an endoplasm (4 damage)
             ... on level 3 of the Dungeon.
             The game lasted 00:13:00 (1956 turns).

Farfigtubin the Conjurer (Draconian Conjurer)       Turns: 1956, Time: 00:13:01

Health: -1/33      AC:  5    Str:  9    XL:     4   Next: 91%
Magic:  0/7        EV: 12    Int: 21    God:
Gold:   89         SH:  0    Dex:  9    Spells: 5/8 levels left

rFire   . . .      SeeInvis .    g - +0 great mace
rCold   . . .      Faith    .    (shield currently unavailable)
rNeg    . . .      Spirit   .    (body armour unavailable)
rPois   .          Reflect  .    (helmet restricted)
rElec   .          Harm     .    (no cloak)
rCorr   .          Rampage  .    (no gloves)
Will    .....                    (no boots)
Stlth   ++                       (no amulet)
HPRegen 0.25/turn                (no ring)
MPRegen 0.10/turn                (no ring)

@: no status effects
A: AC +5, unfitting armour, cold-blooded
a: no special abilities


You were on level 3 of the Dungeon.
You visited 1 branch of the dungeon, and saw 3 of its levels.

You collected 89 gold pieces.

Inventory:

Hand Weapons
 g - a +0 great mace (weapon)
Scrolls
 b - a scroll of summoning {unknown}
 c - a scroll of magic mapping {unknown}
 e - a scroll of silence {unknown}
 f - a scroll of vulnerability {unknown}
 j - a scroll of fog
 k - a scroll of noise {unknown}
 l - a scroll of torment {unknown}
Potions
 a - a potion of magic
 d - a potion of brilliance {unknown}
 h - a potion of degeneration {unknown}
 i - a potion of ambrosia {unknown}


   Skills:
 + Level 0.1 Fighting
 + Level 0.1 Maces & Flails
 + Level 2.1 Dodging
 + Level 2.2 Stealth
 + Level 0.2 Unarmed Combat
 + Level 2.6 Spellcasting
 + Level 5.5 Conjurations


You had 5 spell levels left.
You knew the following spells:

 Your Spells              Type           Power      Damage    Failure   Level
a - Magic Dart            Conj           100%       1d8       1%          1
b - Searing Ray           Conj           52%        2d6       2%          2

Your spell library contained the following spells:

 Spells                   Type           Power      Damage    Failure   Level
 Dazzling Flash           Conj/Hex       28%        N/A       13%         3
 Gell's Gravitas          Tloc           2%         N/A       38%         3
 Lesser Beckoning         Tloc           4%         N/A       38%         3
 Teleport Other           Tloc           2%         N/A       38%         3
 Fulminant Prism          Conj/Hex       7%         3d7       41%         4
 Iskenderun's Mystic Bla  Conj/Tloc      14%        2d5       41%         4


Dungeon Overview and Level Annotations

Branches:
Dungeon (3/15)

Altars:


Innate Abilities, Weirdness & Mutations

Your plain brown scales are hard. (AC +5)
You cannot fit into any form of body armour.
You are cold-blooded and may be slowed by cold attacks.


Message History

The phantom hits you but does no damage.
You miss the phantom.
The phantom is almost destroyed.
The phantom hits you but does no damage.
The worm closely misses you.
You closely miss the phantom.
The phantom is almost destroyed.
The phantom hits you but does no damage.
The worm barely misses you. The phantom misses you. The endoplasm freezes you.
You are frozen.
You feel yourself slow down.
You barely miss the phantom.
The phantom is almost destroyed.
The endoplasm freezes you.
You are frozen.
The phantom closely misses you. The worm barely misses you.
The phantom misses you. The endoplasm freezes you.
You are frozen.
* * * LOW HITPOINT WARNING * * *
You feel as though you will be slow longer.
The worm barely misses you. The endoplasm barely misses you.
The phantom hits you.
* * * LOW HITPOINT WARNING * * *
The phantom blinks!
You blink.
The phantom attacks as you move away! The phantom closely misses you. x2
You see here a quokka corpse.
Aiming: Magic Dart (safe; 1% risk of failure)
Press: ? - help, Q - select action, (/) - cycle Shift-Dir - straight line, f/p - phantom
Aim: a phantom (almost destroyed, 100% to hit)
The magic dart hits the phantom.
You destroy the phantom!
The endoplasm hits you but does no damage.
Your Dodging skill increases to level 2!
You have reached level 4!
You feel clever. The endoplasm attacks as you move away!
The endoplasm barely misses you.
You feel yourself speed up. The endoplasm freezes you.
You are frozen.
You die...

... #.# #.. #.# #.#
#.# #.# ###.# #.#
#...## #.# #.#..#
#.# #.##<# ####.##
#.##.#
#.....####@##.#
#.#.......Jw..# #.#
#
#...####....##.....
##### ###....#
#..### #..# #..#
#..# #..#


You could see a worm and an endoplasm.

Vanquished Creatures
  A phantom (D:3)
  2 adders (D:2)
  4 bats
  4 endoplasms
  2 giant cockroaches (D:2)
  3 goblins
  4 hobgoblins
  9 jackals
  A quokka (D:3)
  3 ball pythons
  2 frilled lizards
  3 kobolds
  3 rats
41 creatures vanquished.

Notes
Turn   | Place    | Note
-------+----------+-------------------------------------------
     0 | D:1      | Farfigtubin the Draconian Conjurer began the quest for the
                  | Orb.
     0 | D:1      | Reached XP level 1. HP: 14/14 MP: 3/3
   118 | D:1      | Found a faded altar of an unknown god.
   218 | D:1      | Reached XP level 2. HP: 20/20 MP: 3/5
   746 | D:1      | You fall into a shaft and drop 1 floor!
   822 | D:2      | Learned a level 2 spell: Searing Ray
   892 | D:2      | Reached XP level 3. HP: 26/26 MP: 2/6
  1033 | D:2      | Reached skill level 5 in Conjurations
  1883 | D:3      | Noticed a phantom
  1952 | D:3      | HP: 1/26 [phantom (4)]
  1955 | D:3      | Killed a phantom
  1956 | D:3      | Reached XP level 4. HP: 3/33 MP: 0/7
  1956 | D:3      | Frozen to death by an endoplasm

Illustrated notes

Levels and vault maps discovered:
D:1:      dpeg_arrival_boxes_within_box, layout_basic,
          hellmonk_ecumenical_altar_dog_temple
D:2:      layout_loops_ring
D:3:      layout_loops_ring, st_stairs_9

Skill      XL: |  1  2  3 |
---------------+----------+-----
Conjurations   | 5 |  5.5
Stealth        | 2 |  2.2
Dodging        | 2 |  2.1
Fighting       | |  0.1
Maces & Flails | |  0.1
Unarmed Combat | |  0.2
Spellcasting   | |  2.6

Action                   |  1- 3 |  4- 6 || total
-------------------------+-------+-------++-------
Melee: Unarmed           |     1 |       ||     1
       Great mace        |     8 |       ||     8
 Cast: Magic Dart        |    65 |       ||    65
       Searing Ray       |     6 |       ||     6
  Use: Scroll            |     1 |       ||     1
Armor: Skin              |    12 |       ||    12
Dodge: Dodged            |    27 |     1 ||    28

Table legend: (Time is in decaauts)
 A = Elapsed time spent in this place.
 B = Non-inter-level travel time spent in this place.
 C = Inter-level travel time spent in this place.
 D = Time resting spent in this place.
 E = Time spent auto-exploring this place.
 F = Levels seen in this place.
 G = Mean time per level.
                   A        B        C        D        E       F      G
               +--------+--------+--------+--------+--------+-----+--------+
         Total |   1964 |   1924 |     40 |    282 |    617 |   3 |  654.7 |
       Dungeon |   1964 |   1924 |     40 |    282 |    617 |   3 |  654.7 |
               +--------+--------+--------+--------+--------+-----+--------+

Top non-repeatable levels by time:
     D:1: 1052 daAuts
     D:2: 811 daAuts
     D:3: 100 daAuts
